 Dungeon Crawl Stone Soup version 0.30-a0-377-g5cb311bc9f (webtiles) character file.

Game seed: 9619353879803463443

84 Raultor the Insei (level 4, -6/29 HPs)
             Began as an Octopode Transmuter on Nov 29, 2022.
             Killed by nerve-wracking pain
             ... invoked by an orc priest
              (12 damage)
             ... on level 2 of the Dungeon.
             The game lasted 00:02:19 (909 turns).

Raultor the Insei (Octopode Transmuter)              Turns: 909, Time: 00:02:19

Health: -6/29      AC:  1    Str:  9    XL:     4   Next: 46%
Magic:  5/7        EV: 13    Int: 15    God:
Gold:   62         SH:  0    Dex: 14    Spells: 4/7 levels left

rFire   . . .      SeeInvis .      - Unarmed
rCold   . . .      Faith    .    (no shield)
rNeg    . . .      Spirit   .    (helmet restricted)
rPois   .          Reflect  .    (no amulet)
rElec   .          Harm     .    (no ring)
rCorr   .          Rampage  .    (no ring)
Will    .....                    (no ring)
Stlth   ++........               (no ring)
HPRegen 0.24/turn                (no ring)
MPRegen 0.10/turn                (no ring)
                                 (no ring)
                                 (no ring)

@: wereblooded
A: almost no armour, amphibious, 8 rings, camouflage 1, gelatinous body 1,
(nimble swimmer 1), tentacles
a: no special abilities


You were on level 2 of the Dungeon.
You visited 1 branch of the dungeon, and saw 2 of its levels.

You collected 62 gold pieces.


Innate Abilities, Weirdness & Mutations

You cannot wear most types of armour.
You are amphibious.
You can wear up to eight rings at the same time.
Your skin changes colour to match your surroundings (Stealth+).
Your rubbery body absorbs attacks. (AC +1, EV +1)
((You are camouflaged when in or above water. (Stealth+)))
You have tentacles for arms and can constrict up to eight enemies at once.


   Skills:
 + Level 2.1 Fighting
 - Level 2.0 Dodging
 + Level 3.5 Unarmed Combat
 - Level 2.0 Spellcasting
 * Level 3.5 Transmutations


You had 4 spell levels left.
You knew the following spells:

 Your Spells              Type           Power      Damage    Failure   Level
b - Beastly Appendage     Tmut           24%        N/A       5%          1
w - Wereblood             Tmut           12%        N/A       8%          2

Your spell library contained the following spells:

 Spells                   Type           Power      Damage    Failure   Level
 Spider Form              Tmut/Pois      6%         N/A       32%         3
 Ice Form                 Ice/Tmut       6%         N/A       71%         4

Inventory:

Scrolls
 c - a scroll of vulnerability {unknown}
 d - a scroll of magic mapping {unknown}
 e - a scroll of poison {unknown}
 f - a scroll of blinking {unknown}
 g - a scroll of fog {unknown}
 h - a scroll of identify {unknown}
Potions
 a - a potion of lignification
 b - 2 potions of resistance {unknown}

Dungeon Overview and Level Annotations

Branches:
Dungeon (2/15)

Altars:

# .. ## .# #.# #
.. #.#. .#.#.
#..####.###.o....
#........@o....#
.#####.###....#
#†# #.#.# #.#
#.#.# #
##.#####.# #.#.#
#### .........#
#.#.# #>)#
##.#####.# #.#.#
#... #.# #.#.#
##.' ##.##
#)#.### #####


You could see an orc priest and an orc.


Message History

You feel sick.
You are no longer poisoned.
You see here an adder corpse.
The orc priest shouts!
An orc comes into view. It is wielding a +0 short sword.
The orc shouts!
You tentacle-slap the orc priest but do no damage.
You grab the orc priest.
You pierce the orc priest.
You squeeze the orc priest, but do no damage.
The orc priest is moderately wounded.
You constrict the orc priest, but do no damage.
The orc priest closely misses you.
You tentacle-slap the orc priest but do no damage.
You pierce the orc priest.
The orc priest is severely wounded.
Your tentacle spike disappears.
You constrict the orc priest, but do no damage.
The orc priest hits you with a +0 falchion!
You barely miss the orc priest.
The orc priest is severely wounded.
You constrict the orc priest, but do no damage.
The orc priest invokes the aid of Beogh against you.
Beogh smites you!
* * * LOW HITPOINT WARNING * * *
You tentacle-slap the orc priest.
The orc priest is severely wounded.
You constrict the orc priest, but do no damage.
The orc priest invokes the aid of Beogh against you.
Pain shoots through your body!
You die...

Skill      XL: |  1  2  3 |
---------------+----------+-----
Transmutations | 3 |  3.5
Fighting       | 2 |  2.1
Dodging        | |  2.0
Unarmed Combat | |  3.5
Spellcasting   | |  2.0

Action                   |  1- 3 |  4- 6 || total
-------------------------+-------+-------++-------
Melee: Unarmed           |    91 |    10 ||   101
       Constrict         |    28 |     2 ||    30
       Tentacles         |    17 |     1 ||    18
       Kick              |    10 |     6 ||    16
       Punch             |     4 |       ||     4
 Cast: Beastly Appendage |     5 |     1 ||     6
       Wereblood         |     3 |     1 ||     4
 Stab: Sleeping          |     2 |       ||     2
Armor: Skin              |     2 |       ||     2
Dodge: Dodged            |    38 |     5 ||    43

Levels and vault maps discovered:
D:1:      scummos_arrival_simple_fountains, layout_loops_ring,
          minmay_misc_feat_diagonals
D:2:      layout_loops_ring, grunt_ministairs_6, minmay_tiny_reverse_x

Notes
Turn   | Place    | Note
-------+----------+-------------------------------------------
     0 | D:1      | Raultor the Octopode Transmuter began the quest for the
                  | Orb.
     0 | D:1      | Reached XP level 1. HP: 13/13 MP: 3/3
    45 | D:1      | Reached XP level 2. HP: 18/18 MP: 5/5
   277 | D:1      | Learned a level 2 spell: Wereblood
   505 | D:1      | Reached XP level 3. HP: 22/23 MP: 6/6
   719 | D:2      | Reached skill level 3 in Transmutations
   862 | D:2      | Reached skill level 2 in Fighting
   862 | D:2      | Reached XP level 4. HP: 29/29 MP: 5/7
   909 | D:2      | Killed from afar by an orc priest

Vanquished Creatures
  An orc priest (D:2)
  An adder (D:2)
  An orc (D:2)
  A ball python (D:2)
  2 bats (D:1)
  4 endoplasms
  A giant cockroach (D:1)
  5 goblins
  6 hobgoblins
  3 quokkas (D:1)
  3 frilled lizards (D:1)
  9 kobolds
  5 rats
42 creatures vanquished.

Table legend: (Time is in decaauts)
 A = Elapsed time spent in this place.
 B = Non-inter-level travel time spent in this place.
 C = Inter-level travel time spent in this place.
 D = Time resting spent in this place.
 E = Time spent auto-exploring this place.
 F = Levels seen in this place.
 G = Mean time per level.
                   A        B        C        D        E       F      G
               +--------+--------+--------+--------+--------+-----+--------+
         Total |    902 |    891 |     11 |      0 |    648 |   2 |  451.0 |
       Dungeon |    902 |    891 |     11 |      0 |    648 |   2 |  451.0 |
               +--------+--------+--------+--------+--------+-----+--------+

Top non-repeatable levels by time:
     D:1: 707 daAuts
     D:2: 195 daAuts

Table legend:
 A = Non-vault XP
 B = Vault XP
 C = Vault XP percentage of total XP
 D = Non-vault monster count
 E = Vault monster count
 F = Vault count percentage of total count
                 A         B        C        D         E       F
            +---------+---------+-------+---------+---------+-------
      Total |     117 |       4 |   3.3 |      40 |       2 |   4.8
            +---------+---------+-------+---------+---------+-------
        D:1 |      45 |       0 |   0.0 |      29 |       0 |   0.0
        D:2 |      72 |       4 |   5.3 |      11 |       2 |  15.4
            +---------+---------+-------+---------+---------+-------
